 Dungeon Crawl Stone Soup version 0.29-a0-284-gf9362112df (webtiles) character file.

Game seed: 998648105749197650

7669 YayAnonymity the Cleaver (level 11, -7/61 HPs)
             Began as a Gargoyle Fighter on Mar 26, 2022.
             Was a Follower of Qazlal.
             Mangled by an eight-headed hydra (8 damage)
             ... on level 10 of the Dungeon.
             The game lasted 00:15:02 (10173 turns).

YayAnonymity the Cleaver (Gargoyle Fighter)        Turns: 10173, Time: 00:15:03

Health: -7/61      AC: 24    Str: 32    XL:     11   Next: 18%
Magic:  0/18       EV:  7    Int:  9    God:    Qazlal [*.....]
Gold:   620        SH:  6    Dex:  9    Spells: 10/10 levels left

rFire   . . .      SeeInvis .   m - +3 broad axe of Facsecko {distort, Str+2}
rCold   . . .      Faith    .   c - +0 buckler
rNeg    + . .      Spirit   +   h - +0 plate armour
rPois   ∞          Reflect  .   (no helmet)
rElec   +          Harm     .   B - scarf {repulsion}
rCorr   .          Rampage  .   J - +1 pair of gloves
Will    .....                   o - +0 pair of boots
Stlth   ..........              l - amulet of guardian spirit
HPRegen 0.20/turn               t - +6 ring of strength
MPRegen 0.16/turn               (no ring)

@: about to teleport, invisible, repel missiles
A: sickness immunity, AC +8, negative energy resistance 1, electricity
resistance, torment resistance 1, petrification resistance
a: Renounce Religion


You were on level 10 of the Dungeon.
You worshipped Qazlal.
Qazlal was aware of your devotion.
You visited 2 branches of the dungeon, and saw 11 of its levels.
You also visited: Sewer.

You collected 620 gold pieces.

Inventory:

Hand Weapons
 a - a +1 war axe of flaming
 m - the +3 broad axe of Facsecko (weapon) {distort, Str+2}
   (You acquired it on level 7 of the Dungeon)

   It warps and distorts space around it, and may blink, banish, or inflict
   extra damage upon those it strikes.
   Unwielding it can cause banishment or high damage.
   Str:       It affects your strength (+2).
Missiles
 i - 11 poisoned darts
 E - 2 throwing nets
 H - 5 javelins (quivered)
Armour
 c - a +0 buckler (worn)
 h - a +0 plate armour (worn)
 o - a +0 pair of boots (worn)
 B - a scarf of repulsion (worn)
 J - a +1 pair of gloves (worn)
Jewellery
 l - an amulet of guardian spirit (around neck)
 t - a +6 ring of strength (left hand)
Wands
 b - a wand of digging (5)
 z - a wand of iceblast (14)
 G - a wand of flame (35)
Scrolls
 f - a scroll of teleportation
 g - 5 scrolls of amnesia
 j - 2 scrolls of immolation
 p - 4 scrolls of vulnerability
 q - a scroll of enchant armour
 v - 2 scrolls of fog
 I - a scroll of magic mapping
Potions
 d - 3 potions of might
 e - 7 potions of heal wounds
 k - 5 potions of resistance
 n - 7 potions of curing
 s - a potion of flight {unknown}
 u - 2 potions of berserk rage
 w - 4 potions of attraction
 x - 4 potions of degeneration {unknown}
 A - a potion of cancellation {unknown}
 C - 3 potions of ambrosia {unknown}


   Skills:
 + Level 4.0 Fighting
 * Level 12.4 Axes
 + Level 5.5 Armour
 - Level 3.2 Shields
 + Level 10.1 Invocations


You had 10 spell levels left.
You didn't know any spells.
Your spell library contained the following spells:

 Spells                   Type           Power      Damage    Failure   Level
 Freeze                   Ice            0%         1d3       99%         1
 Slow                     Hex            0%         N/A       99%         1
 Wereblood                Tmut           0%         N/A       100%        2
 Confusing Touch          Hex            0%         N/A       100%        3
 Frozen Ramparts          Ice            0%         1d2       100%        3
 Gell's Gravitas          Tloc           0%         N/A       100%        3
 Ozocubu's Armour         Ice            0%         N/A       100%        3
 Teleport Other           Tloc           0%         N/A       100%        3
 Vampiric Draining        Necr           0%         2d6       100%        3
 Hailstorm                Conj/Ice       0%         3d3       100%        4
 Dispersal                Tloc           0%         N/A       100%        6
 Ozocubu's Refrigeration  Ice            0%         4d5       100%        7
 Summon Hydra             Summ           0%         N/A       100%        7
 Sublimation of Blood     Necr           Unusable   N/A       N/A         2

Dungeon Overview and Level Annotations

Branches:
Dungeon (10/15)            Temple (1/1) D:6            Lair (0/6) D:10
  Sewer (visited)
    Orc: D:9-12

Altars:
Ashenzari
Cheibriados
Dithmenos
Elyvilon
Fedhas
Gozag
Hepliaklqana
Kikubaaqudgha
Makhleb
Nemelex Xobeh
Okawaru
Qazlal
Ru
Sif Muna
Trog
Uskayaw
Vehumet
Xom
Zin
The Shining One

Shops:
D:1 !   D:3 (   D:7 *   D:10 :

Portals:
Bailey: D:10


Innate Abilities, Weirdness & Mutations

You are immune to sickness and miasma.
Your stone body is resilient. (AC +8)
You are immune to poison.
You resist negative energy. (rN+)
You are resistant to electric shocks. (rElec)
You are resistant to unholy torment.
You are immune to petrification.


Message History

You kill the yak!
Qazlal accepts your kill.
You slice the boulder beetle!!
Space warps horribly around the boulder beetle!
The boulder beetle is heavily wounded.
The shadow slips into darkness.
The shadow flickers and vanishes!
Deactivating autopickup; reactivate with Ctrl-A.
The boulder beetle bites you but does no damage.
You hit the boulder beetle.
The boulder beetle is devoured by a tear in reality.
The orc priest calls down the wrath of Beogh upon you.
Beogh smites you!
Your Fighting skill increases to level 4!
The eight-headed hydra bites you.
The eight-headed hydra bites you but does no damage.
The eight-headed hydra bites you!
The eight-headed hydra bites you but does no damage.
The eight-headed hydra bites you. The eight-headed hydra bites you!
* * * LOW HITPOINT WARNING * * *
The eight-headed hydra bites you but does no damage.
You block the eight-headed hydra's attack.
It was a potion of invisibility.
You fade into invisibility!
You block the eight-headed hydra's attack.
The eight-headed hydra completely misses you.
The eight-headed hydra bites you but does no damage.
The eight-headed hydra bites you.
* * * LOW HITPOINT WARNING * * *
The eight-headed hydra bites you.
* * * LOW HITPOINT WARNING * * *
You block the eight-headed hydra's attack.
The eight-headed hydra bites you but does no damage. x2
As you read the scroll of teleportation, it crumbles to dust.
You feel strangely unstable.
The orc priest hits you but does no damage.
The eight-headed hydra bites you!
* * * LOW HITPOINT WARNING * * *
The eight-headed hydra bites you!
You die...

...<##.^§§ ##.......
.....##^≈.##.......#
....####⌠##........#
....###...#........##
.....###....##$..#..#
..................# ##
.##...............#
..# .
##.##....)...D).#§..#
. #.##.≈≈≈)≈≈≈.@o§...#
#.##.≈##)##≈.§§#.....#
...#.≈#.).#≈?......##.
.....≈#.∩.#≈...#...#
......≈#...#≈..?#...#
>....≈#####≈..## .##
...# ≈≈... ## ......


You could see an eight-headed hydra (can't see you) and an orc priest (can't see
you).

Vanquished Creatures
  A two-headed ogre (D:8)
  A cyclops (D:8)
  A manticore (D:8)
  A gargoyle (D:8)
  2 trolls
  A hornet (D:8)
  A wyvern (D:9)
  2 yaks
  A steam dragon (D:9)
  A basilisk (D:10)
  5 water moccasins
  A sky beast (D:6)
  An orc warrior (D:9)
  3 ogres
  A black bear (D:7)
  3 ice beasts
  3 centaurs (D:8)
  2 phantoms
  A kobold brigand (D:8)
  6 bullfrogs
  A gnoll sergeant (D:7)
  A necrophage (D:6)
  6 wights
  7 killer bees (D:9)
  A howler monkey (D:10)
  A crimson imp (D:3)
  4 hounds
  8 orc priests
  A jelly (D:7)
  A gnoll shaman (D:5)
  An iron imp (D:6)
  2 orc wizards
  5 iguanas
  10 gnolls
  18 adders
  5 river rats (Sewer)
  A shadow imp (D:5)
  A white imp (D:6)
  An ufetubus (D:4)
  5 worms
  5 dart slugs
  28 orcs
  8 endoplasms
  3 giant cockroaches
  14 goblins
  4 hobgoblins
  6 jackals (D:3)
  2 quokkas
  17 ball pythons
  10 bats
  4 frilled lizards
  A goblin skeleton (D:3)
  3 hobgoblin zombies (D:3)
  9 kobolds
  2 kobold zombies (D:3)
  2 orc skeletons (D:3)
  25 rats
261 creatures vanquished.

Notes
Turn   | Place    | Note
-------+----------+-------------------------------------------
     0 | D:1      | YayAnonymity the Gargoyle Fighter began the quest for the
                  | Orb.
     0 | D:1      | Reached XP level 1. HP: 14/14 MP: 1/1
    46 | D:1      | Reached skill level 2 in Axes
    82 | D:1      | Reached XP level 2. HP: 19/19 MP: 2/2
   343 | D:1      | Found Disi's Distillery.
   863 | D:1      | Reached skill level 3 in Axes
  1077 | D:2      | Reached XP level 3. HP: 23/23 MP: 3/3
  1301 | D:2      | Found a faded altar of an unknown god.
  1540 | D:2      | Reached XP level 4. HP: 28/28 MP: 4/4
  1549 | D:2      | Reached skill level 4 in Axes
  1916 | D:3      | Reached XP level 5. HP: 28/32 MP: 5/5
  2022 | D:3      | Reached skill level 5 in Axes
  2138 | D:3      | Found a glowing golden altar of the Shining One.
  2150 | D:3      | Became a worshipper of the Shining One
  2275 | D:3      | Found Koomiju's Antique Weapon Emporium.
  2366 | D:4      | Reached skill level 1 in Invocations
  2378 | D:4      | Reached XP level 6. HP: 12/37 MP: 2/7
  2592 | D:4      | Found an iron altar of Okawaru.
  2807 | D:4      | Found a burning altar of Makhleb.
  2969 | D:4      | You fall into a shaft and drop 1 floor!
  2969 | D:5      | Entered Level 5 of the Dungeon
  2969 | D:5      | Found a glowing drain.
  2991 | Sewer    | Entered a sewer
  3467 | Sewer    | Reached XP level 7. HP: 38/41 MP: 9/9
  3470 | Sewer    | Reached skill level 6 in Axes
  4575 | D:5      | Reached * piety under the Shining One
  4582 | D:5      | Reached skill level 7 in Axes
  4582 | D:5      | Reached skill level 5 in Invocations
  4582 | D:5      | Reached XP level 8. HP: 41/46 MP: 11/11
  5111 | D:5      | Reached skill level 8 in Axes
  5515 | D:6      | Found a snail-covered altar of Cheibriados.
  5612 | D:6      | Reached XP level 9. HP: 51/51 MP: 13/13
  5673 | D:6      | Found a white marble altar of Elyvilon.
  5929 | D:6      | Found a staircase to the Ecumenical Temple.
  5946 | Temple   | Entered the Ecumenical Temple
  6003 | Temple   | Fell from the grace of the Shining One
  6003 | Temple   | Became a worshipper of Qazlal Stormbringer
  6425 | D:6      | Reached skill level 9 in Axes
  6513 | D:7      | Found Qeakoph's General Store.
  6823 | D:7      | Reached skill level 5 in Armour
  7014 | D:7      | Identified a scroll of acquirement
  7014 | D:7      | Acquired the +3 broad axe of Facsecko {distort, Str+2}
  7679 | D:8      | Found a broken altar of Ashenzari.
  7721 | D:8      | Noticed a cyclops
  7728 | D:8      | Killed a cyclops
  7728 | D:8      | Noticed a troll
  7729 | D:8      | Reached skill level 10 in Axes
  7729 | D:8      | Reached XP level 10. HP: 30/56 MP: 14/16
  8091 | D:8      | Noticed a two-headed ogre
  8101 | D:8      | Killed a two-headed ogre
  8101 | D:8      | Reached * piety under Qazlal
  8102 | D:8      | Reached skill level 11 in Axes
  8388 | D:8      | Noticed a manticore
  8401 | D:8      | Killed a manticore
  8454 | D:8      | Noticed a gargoyle
  8464 | D:8      | Killed a gargoyle
  8887 | D:9      | Found a radiant altar of Vehumet.
  9255 | D:9      | Found a blossoming altar of Fedhas.
  9393 | D:9      | Reached skill level 12 in Axes
  9680 | D:9      | Reached XP level 11. HP: 53/60 MP: 13/18
  9770 | D:9      | Identified the +1 robe "Renecopu" {Rampage}
 10104 | D:10     | Entered Level 10 of the Dungeon
 10130 | D:10     | Found an ancient bone altar of Kikubaaqudgha.
 10138 | D:10     | Found a shimmering altar of Xom.
 10138 | D:10     | Found a shimmering altar of Xom.
 10139 | D:10     | Found a shimmering altar of Xom.
 10141 | D:10     | Found a flagged portal.
 10141 | D:10     | Found a shimmering altar of Xom.
 10142 | D:10     | Found Huvuj's Book Boutique.
 10142 | D:10     | Found a staircase to the Lair.
 10158 | D:10     | Noticed a six-headed hydra
 10160 | D:10     | Noticed a boulder beetle
 10164 | D:10     | Reached skill level 10 in Invocations
 10170 | D:10     | Banished a boulder beetle
 10173 | D:10     | HP: 1/61 [eight-headed hydra (8)]
 10173 | D:10     | Mangled by an eight-headed hydra

Illustrated notes

Levels and vault maps discovered:
D:1:      lemuel_arrival_cross, layout_loops_ring, serial_shops, shop
D:2:      layout_loops_ring, nicolae_ecumenical_snake_handling
D:3:      layout_rooms, nicolae_tso_besieged_by_evil, serial_shops,
          nicolae_shop_hallway_plus
D:4:      layout_basic, mainiacjoe_overflow_brackets, okawaru_trees_2
D:5:      layout_layer_cave, cheibrodos_sewer_entry_sluice
D:6:      layout_gridville, slow_altar_2, elyvilon_altar_5, temple_fountains,
          nicolae_lava_and_water
D:7:      layout_loops_ring, serial_aquarium, aquarium_bridge_square
          [aquarium_subvault_wall, aquarium_subvault_window,
          aquarium_subvault_wall, aquarium_subvault_bridge],
          aquarium_window_fake, aquarium_window_corridor_1,
          aquarium_window_corner, aquarium_view_2c, aquarium_view_2d,
          serial_shops, kennysheep_little_box
D:8:      layout_cave_pools, nicolae_overflow_crystal_walls,
          hangedman_minor_gate_pass
D:9:      layout_irregular_city, mainiacjoe_overflow_six_doors_small,
          fedhas_ov_isle_minmay
D:10:     minmay_the_grid_octo_tiled_octocenter [minmay_the_grid_octo_chip,
          minmay_the_grid_octo_toaster, minmay_the_grid_octo_clover_2,
          minmay_the_grid_octo_teeth,
          minmay_the_grid_octo_prize_ultimate_mussel_roller,
          minmay_the_grid_square_5x5_half_checkered,
          minmay_the_grid_square_5x5_n, minmay_the_grid_square_5x5_forky,
          minmay_the_grid_square_5x5_plus], layout_rooms, xom_redecorated,
          pf_just_have_faith, mainiacjoe_overflow_boulevard, lemuel_round_altar,
          enter_bailey_3, serial_shops, shop, bh_hangedman_babel_library
Temple:   jpeg_temple_alley_garden

Skill      XL: |  1  2  3  4  5  6  7  8  9 10 11 |
---------------+----------------------------------+-----
Axes           | 2 3 4 5 7 8 10 12 | 12.4
Invocations    | 1 3 5 6 8 9 10 | 10.1
Armour         | 5 |  5.5
Fighting       | 4 |  4.0
Shields        | |  3.2

Action                   |  1- 3 |  4- 6 |  7- 9 | 10-12 || total
-------------------------+-------+-------+-------+-------++-------
Melee: War axe           |    79 |   223 |   181 |       ||   483
       Broad axe         |       |       |    16 |   153 ||   169
Throw: Dart              |       |       |       |     5 ||     5
       Javelin           |       |       |       |     3 ||     3
  Use: Scroll            |       |     7 |    11 |     3 ||    21
       Potion            |       |       |     1 |     1 ||     2
Armor: Scale mail        |    27 |       |       |       ||    27
       Chain mail        |    25 |   191 |    78 |       ||   294
       Plate armour      |       |       |    56 |   117 ||   173
Dodge: Dodged            |    35 |   108 |    88 |    59 ||   290
       Repelled          |       |       |       |     1 ||     1
Block: Buckler           |    21 |    51 |    36 |    46 ||   154

Table legend: (Time is in decaauts)
 A = Elapsed time spent in this place.
 B = Non-inter-level travel time spent in this place.
 C = Inter-level travel time spent in this place.
 D = Time resting spent in this place.
 E = Time spent auto-exploring this place.
 F = Levels seen in this place.
 G = Mean time per level.
                   A        B        C        D        E       F      G
               +--------+--------+--------+--------+--------+-----+--------+
         Total |  10350 |   9957 |    393 |   1051 |   7008 |  12 |  862.5 |
       Dungeon |   9453 |   9114 |    339 |   1051 |   6367 |  10 |  945.3 |
        Temple |    233 |    179 |     54 |      0 |    151 |   1 |  233.0 |
         Sewer |    663 |    663 |      0 |      0 |    489 |   1 |  663.0 |
               +--------+--------+--------+--------+--------+-----+--------+

Top non-repeatable levels by time:
     D:8: 1834 daAuts
     D:5: 1306 daAuts
     D:4: 1206 daAuts
     D:1: 1063 daAuts
     D:9: 999 daAuts
     D:6: 835 daAuts
     D:7: 802 daAuts
     D:2: 798 daAuts
   Sewer: 663 daAuts
     D:3: 557 daAuts
  Temple: 233 daAuts
    D:10: 49 daAuts
